 Dungeon Crawl Stone Soup version 0.31.0-32-g396128a36d (webtiles) character file.

Game seed: 3480424887328892853

5277 MindCufk the Summoner (level 10, -1/49 HPs)
             Began as a Felid Summoner on Mar 16, 2024.
             Was a Follower of Kikubaaqudgha.
             Slain by an orc knight
             ... wielding a +0 halberd
              (22 damage)
             ... in a bailey.
             The game lasted 00:34:42 (9796 turns).

MindCufk the Summoner (Felid Summoner)              Turns: 9796, Time: 00:34:43

Health: -1/49      AC:  2    Str:  4    XL:     10   Next: 36%
Magic:  12/23      EV: 19    Int: 23    God:    Kikubaaqudgha [*.....]
Gold:   436        SH:  0    Dex: 17    Spells: 12/26 levels left
                                        Lives:  0   Deaths: 2

rFire   + . .        (weapon unavailable)
rCold   . . .        (shield unavailable)
rNeg    . . .        (body armour unavailable)
rPois   +            (helmet unavailable)
rElec   .            (cloak unavailable)
rCorr   .            (gloves unavailable)
SInv    +            (boots unavailable)
Will    +....        (no amulet)
Stlth   ++           p - ring of poison resistance
HPRegen 0.28/turn    v - ring of protection from fire
MPRegen 0.18/turn

%: no passive effects
@: inugami summoned, very slow
A: very small, claws 1, fangs 3, see invisible, shaggy fur 2, stealthy paws, no
weapons or thrown items, no armour, multi-lived
a: Renounce Religion, Unearth Wretches


You were in a bailey.
You worshipped Kikubaaqudgha.
Kikubaaqudgha was aware of your devotion.
You visited 2 branches of the dungeon, and saw 9 of its levels.
You also visited: Bailey.

You collected 436 gold pieces.

Inventory:

Jewellery
 h - a ring of fire
 i - a +4 ring of slaying
 l - a ring of positive energy
 p - a ring of poison resistance (left paw)
 v - a ring of protection from fire (right paw)
 y - a +6 ring of intelligence
Wands
 o - a wand of flame (17)
 w - a wand of iceblast (13)
Scrolls
 b - 2 scrolls of enchant armour
 e - a scroll of vulnerability {unknown}
 j - 5 scrolls of poison
 k - 4 scrolls of teleportation
 m - a scroll of acquirement
 q - a scroll of identify
 r - a scroll of immolation {unknown}
 u - a scroll of noise {unknown}
Potions
 a - 2 potions of magic
 c - 3 potions of resistance
 d - 4 potions of curing
 f - 2 potions of haste
 n - 2 potions of berserk rage {unknown}
 s - 2 potions of heal wounds {unknown}
 t - a potion of lignification {unknown}


   Skills:
 + Level 3.2 Fighting
 + Level 5.3 Dodging
 + Level 5.6 Stealth
 + Level 8.5 Spellcasting
 + Level 9.8 Summonings
 - Level 5.0 Fire Magic
 + Level 2.8 Air Magic


You had 12 spell levels left.
You knew the following spells:

 Your Spells              Type           Power      Damage    Failure   Level
a - Summon Small Mammal   Summ           100%       N/A       1%          1
b - Call Imp              Summ           100%       N/A       1%          2
c - Call Canine Familiar  Summ           53%        N/A       1%          3
d - Summon Blazeheart Go  Fire/Summ      43%        N/A       3%          4
e - Summon Lightning Spi  Summ/Air       38%        N/A       4%          4

Your spell library contained the following spells:

 Spells                   Type           Power      Damage    Failure   Level
 Summon Ice Beast         Ice/Summ       32%        N/A       2%          3
 Cigotuvi's Dreadful Rot  Necr/Alch/Air  28%        N/A       7%          2
 Volatile Blastmotes      Fire/Tloc      42%        2d13      7%          3
 Martyr's Knell           Necr/Summ      32%        N/A       9%          4
 Sublimation of Blood     Necr           9%         N/A       10%         2
 Dazzling Flash           Conj/Hex       18%        N/A       21%         3
 Fugue of the Fallen      Necr           9%         N/A       21%         3
 Hailstorm                Conj/Ice       9%         3d6       21%         3
 Vampiric Draining        Necr           9%         2d6       21%         3
 Ignite Poison            Fire/Alch      21%        N/A       24%         4
 Dispel Undead            Necr           9%         3d8       54%         4
 Freezing Cloud           Conj/Ice/Air   7%         6-21      77%         5
 Starburst                Conj/Fire      10%        6d5       98%         6
 Death Channel            Necr           4%         N/A       100%        6
 Sculpt Simulacrum        Ice/Alch       4%         N/A       100%        6
 Maxwell's Capacitive Co  Air            11%        ∞         100%        8
 Chain Lightning          Conj/Air       8%         3d10      100%        9
 Fire Storm               Conj/Fire      10%        8d3       100%        9
 Shatter                  Erth           4%         3d8*      100%        9


Dungeon Overview and Level Annotations

Branches:
Dungeon (8/15)             Temple (1/1) D:7          Bailey (1/1)
   Lair: D:8-11

Altars:
Cheibriados
Dithmenos
Elyvilon
Fedhas
Gozag
Hepliaklqana
Kikubaaqudgha
Makhleb
Nemelex Xobeh
Okawaru
Qazlal
Sif Muna
Trog
Uskayaw
Vehumet
Wu Jian
Xom
Yredelemnul
Zin
The Shining One

Shops:
D:1 [   D:6 [   D:7 *

Annotations:
Temple 2 transporters


Innate Abilities, Weirdness & Mutations

You have sharp claws.
You have razor-sharp teeth.
You have supernaturally acute eyesight. (SInv)
You are covered in thick fur. (AC +2)
Your paws help you pounce on unaware monsters.
You are incapable of wielding weapons or throwing items.
You cannot wear armour.
You gain extra lives every three experience levels.


Message History

a +0 trident; a +0 chain mail
Things that are here:
a +0 trident; a +0 ring mail
Casting: Call Canine Familiar (safe; 1% risk of failure)
Confirm with . or Enter, or press ? or * to list all spells.
An electric hum fills the air.
You swap places.
Things that are here:
a +0 trident; a +0 chain mail Your inugami disappears in a puff of smoke!
Casting: Summon Lightning Spire (dangerous; 4% risk of failure)
Confirm with . or Enter, or press ? or * to list all spells.
A fiery spirit appears, bound in slag iron.
The orc knight splashes around in the water.
Your blazeheart golem punches the orc knight!
The orc knight misses you.
The orc knight hits your blazeheart golem with a +0 halberd!
Your blazeheart golem punches the orc knight but does no damage.
Your blazeheart golem's core grows cold and it stops moving.
The orc knight hits your blazeheart golem with a +0 halberd.
Your blazeheart golem's core flares to life once more.
The orc knight hits you from afar with a +0 halberd!
Your blazeheart golem punches the orc knight but does no damage.
Your blazeheart golem falls apart, revealing its core!
The orc knight hits you from afar with a +0 halberd!!
Your blazeheart core explodes!
The fiery explosion engulfs the orc knight!!
You hear a shout!
Casting: Summon Blazeheart Golem (dangerous; 3% risk of failure)
Confirm with . or Enter, or press ? or * to list all spells.
A fiery spirit appears, bound in slag iron.
Casting: Summon Blazeheart Golem (dangerous; 3% risk of failure)
Confirm with . or Enter, or press ? or * to list all spells.
You call for your canine familiar and it appears with a howl!
The orc knight splashes around in the water.
Your blazeheart golem punches the orc knight but does no damage.
Your inugami hits the orc knight.
The orc knight hits you from afar with a +0 halberd!!
You die...
Kikubaaqudgha rasps: "You have failed me!
Welcome... death!"

#.....~~~~~~~~##~~#'†'##~~~~~~~~~
#.....~~~~~~~~#~~##89∩##~~##~~~~~
#.....~~~~~~~##)####o####)##~~~~~
#.....~~~~~~~##)'8#ooo#.'~##~~~~~
#.....~~~~~~~##~###.8.###~##~~~~~
#.....~~~~~~~##~'.#?.:#.'~##~~~~~
#.....~~~~~~~##o#########)##~~~~~
#.....~~~~~~~~#9h##.#.##~~#~~~~~~
#.....~~~~~~~~##@~#'#'#~~##~~~~~~
#.....~~~~~~~~~##~~~~~)~##~~~~~~~
#.....~≈≈~≈≈≈~~~#########~~~≈≈≈~≈
#.....≈≈#.##≈~~~~~~###§)~~~~≈##.#
#.....≈##.∩#≈~~~~~~§§o§~~~~~≈#∩.#
#.....≈#.)))~)~~~~~§§§~~~~~)~....
#.....≈##.##≈~~~~~~§§§§~~~~~≈##.#
#.....≈≈###≈≈~~~~~~§§§~~~~~~≈≈###
#.....~≈≈≈≈≈~~~~~~~§§§~~~~~~~≈≈≈≈


You could see an orc knight (ally target), a friendly blazeheart golem
(summoned) and a friendly inugami (summoned).

Vanquished Creatures
  2 two-headed ogres
  3 yaks (D:6)
  Duvessa (D:4)
  A lemure (D:7)
  A scorpion (D:5)
  A bullfrog (D:4)
  An orc priest (D:7)
  An orc wizard (D:8)
  3 adders
  2 white imps (D:6)
  An ufetubus (D:6)
  A dart slug (D:3)
  3 orcs
  2 ball pythons
  3 bats
  8 endoplasms
  A giant cockroach (D:2)
  5 goblins
  5 hobgoblins
  5 kobolds
  4 quokkas
  3 frilled lizards
  3 rats
60 creatures vanquished.

Vanquished Creatures (collateral kills)
  Pikel (D:7)
  A yak (D:6)
  10 orc warriors
  A sky beast (D:7)
  6 ice beasts
  An ogre (D:4)
  A phantom (D:5)
  2 lemures (D:7)
  3 kobold brigands
  A scorpion (D:5)
  Dowan (D:4)
  2 electric eels (D:7)
  A jelly (D:8)
  2 hounds
  2 bombardier beetles
  Crazy Yiuf (D:4)
  3 iguanas
  Natasha (thrice) (D:3)
  2 orc wizards (D:4)
  5 adders
  A white imp (D:7)
  3 ufetubi
  A dart slug (D:1)
  34 orcs
  4 ball pythons
  A bat (D:1)
  4 endoplasms
  3 giant cockroaches
  2 goblins (D:1)
  5 hobgoblins
  A quokka (D:1)
  4 frilled lizards
  18 kobolds
  A rat (D:1)
131 creatures vanquished.

Vanquished Creatures (others)
  10 blazeheart cores
10 creatures vanquished.

Grand Total: 201 creatures vanquished

Notes
Turn   | Place    | Note
-------+----------+-------------------------------------------
     0 | D:1      | MindCufk the Felid Summoner began the quest for the Orb.
     0 | D:1      | Reached XP level 1. HP: 9/9 MP: 4/4
   234 | D:1      | Reached XP level 2. HP: 13/13 MP: 3/6
   704 | D:1      | Found Axucket's Armour Shoppe.
   871 | D:1      | Reached XP level 3. HP: 12/16 MP: 8/8
   889 | D:1      | Learned a level 2 spell: Call Imp
  1120 | D:2      | Learned a level 3 spell: Call Canine Familiar
  1567 | D:2      | Reached XP level 4. HP: 21/21 MP: 4/9
  1567 | D:2      | Gained a life (2 lives remaining)
  2234 | D:3      | Noticed Natasha
  2241 | D:3      | Killed Natasha
  2242 | D:3      | Reached skill level 5 in Summonings
  2297 | D:3      | Learned a level 4 spell: Summon Blazeheart Golem
  2583 | D:3      | Noticed Natasha
  2588 | D:3      | Killed Natasha
  2589 | D:3      | Reached XP level 5. HP: 18/24 MP: 6/11
  2634 | D:3      | Found a faded altar of an unknown god.
  2668 | D:3      | Noticed Natasha
  2679 | D:3      | Killed Natasha
  2680 | D:3      | Reached skill level 1 in Fire Magic
  3325 | D:4      | Gained mutation: You are covered in thick fur. (AC +2)
                  | [Felid growth]
  3325 | D:4      | Reached XP level 6. HP: 8/28 MP: 2/13
  3440 | D:4      | Noticed Duvessa
  3440 | D:4      | Noticed Dowan
  3475 | D:4      | Killed Duvessa
  3476 | D:4      | Reached skill level 6 in Summonings
  3567 | D:4      | Killed Dowan
  3568 | D:4      | Reached XP level 7. HP: 24/32 MP: 9/14
  4013 | D:4      | Found a runed translucent door.
  4014 | D:4      | Noticed Crazy Yiuf
  4325 | D:4      | Reached skill level 5 in Spellcasting
  4630 | D:4      | Killed Crazy Yiuf
  4708 | D:5      | Entered Level 5 of the Dungeon
  5197 | D:5      | Reached skill level 7 in Summonings
  5197 | D:5      | Reached XP level 8. HP: 36/36 MP: 12/17
  6056 | D:6      | Reached skill level 5 in Fire Magic
  6060 | D:6      | Reached skill level 8 in Summonings
  6307 | D:6      | Reached XP level 9. HP: 39/39 MP: 5/20
  6596 | D:6      | Noticed a two-headed ogre
  6613 | D:6      | Killed a two-headed ogre
  6614 | D:6      | Reached skill level 9 in Summonings
  6678 | D:6      | Found Han Seerri's Antique Armour Emporium.
  6965 | D:6      | Learned a level 4 spell: Summon Lightning Spire
  7264 | D:7      | Found Ninid's Elemental Accessories.
  7334 | D:7      | Found a staircase to the Ecumenical Temple.
  7350 | Temple   | Found a transporter.
  7350 | Temple   | Found a transporter.
  7350 | Temple   | Found a transporter.
  7350 | Temple   | Found a transporter.
  7350 | Temple   | Entered the Ecumenical Temple
  7365 | Temple   | Became a worshipper of Kikubaaqudgha
  7412 | D:7      | Noticed Pikel
  7439 | D:7      | Killed Pikel
  7440 | D:7      | Reached skill level 1 in Fighting
  7440 | D:7      | Reached skill level 1 in Air Magic
  8589 | D:8      | Noticed a two-headed ogre
  8594 | D:8      | Killed a two-headed ogre
  8595 | D:8      | Reached XP level 10. HP: 47/47 MP: 18/23
  8616 | D:8      | Found a white marble altar of Elyvilon.
  8644 | D:8      | Found a flagged portal.
  8651 | D:8      | Reached skill level 5 in Stealth
  8667 | Bailey   | Entered a bailey
  8785 | Bailey   | Reached * piety under Kikubaaqudgha
  8785 | Bailey   | Received a gift from Kikubaaqudgha
  8789 | Bailey   | HP: 2/48 [orc/bolt (9)]
  8790 | Bailey   | Shot with a bolt by an orc warrior
  8790 | Bailey   | Lost a life (1 life remaining)
  8854 | Bailey   | Reached skill level 5 in Dodging
  9509 | Bailey   | Noticed an orc knight
  9509 | Bailey   | Noticed an orc knight
  9518 | Bailey   | Mangled by an orc knight
  9518 | Bailey   | Lost a life (0 lives remaining)
  9796 | Bailey   | Slain by an orc knight

Illustrated notes

Levels and vault maps discovered:
D:1:      evilmike_arrival_plus, layout_basic, serial_shops,
          nicolae_shop_real_fake_doors, minmay_misc_feat_room,
          chequers_decorated_corner
D:2:      layout_basic, kennysheep_flooded_box
D:3:      layout_basic, ebering_ecumenical_altar_mist, corner_web_ring,
          kennysheep_doodads, nicolae_elevator_lobby_asterisk, uniq_natasha
D:4:      layout_loops_cross, uniq_crazy_yiuf_cottage, uniq_duvessa
D:5:      layout_loops_corners
D:6:      cheibrodos_thug_alley, layout_basic, kennysheep_windowed_goal
D:7:      layout_loops_corners, minmay_temple_entry_stoned_glass,
          kennysheep_big_empty_room, nicolae_elemental_shop, uniq_pikel
D:8:      nzn_winding_woodlands_small [nzn_winding_woodlands_5x15_twine,
          nzn_winding_woodlands_center_pierced_h,
          nzn_winding_woodlands_5x15_cabin], layout_gridville, elyvilon_altar_5,
          mainiacjoe_overflow_chevrons, ashenzari_conservatory_becter,
          enter_bailey_2
Temple:   hellmonk_temple_divided_pantheon
Bailey:   bailey_polearm_2, bailey

Skill      XL: |  1  2  3  4  5  6  7  8  9 10 |
---------------+-------------------------------+-----
Spellcasting   | 3 4 5 7 8 |  8.5
Summonings     | 5 6 7 8 9 |  9.8
Fire Magic     | 2 4 5 |  5.0
Fighting       | 2 3 |  3.2
Dodging        | 4 5 |  5.3
Stealth        | 4 5 |  5.6
Air Magic      | 2 |  2.8

Action                     |  1- 3 |  4- 6 |  7- 9 | 10-12 || total
---------------------------+-------+-------+-------+-------++-------
  Melee: Unarmed           |    42 |    38 |    56 |     8 ||   144
         Bite              |     5 |     5 |     6 |     2 ||    18
         Punch             |       |       |     1 |       ||     1
   Cast: Summon Small Mamm |    33 |     7 |     1 |     9 ||    50
         Call Imp          |     7 |    12 |     5 |       ||    24
         Call Canine Famil |     2 |     8 |    54 |    25 ||    89
         Summon Blazeheart |       |     2 |    16 |     3 ||    21
         Summon Lightning  |       |       |     2 |    12 ||    14
    Use: Scroll            |       |     4 |     5 |     1 ||    10
   Stab: Sleeping          |     1 |     4 |     1 |     1 ||     7
         Distracted        |     1 |     1 |       |       ||     2
 Armour: Skin              |    19 |    24 |    38 |    26 ||   107
  Dodge: Dodged            |    45 |    31 |    84 |    63 ||   223
